 Dungeon Crawl Stone Soup version 0.18-a0-1577-gf591c28 (webtiles) character file.

14 M4edhros the Grasshopper (level 2, -16/19 HPs)
             Began as an Octopode Warper on Mar 20, 2016.
             Killed by the capriciousness of Xom (31 damage)
             ... on level 1 of the Dungeon.
             The game lasted 00:01:07 (2713 turns).

M4edhros the Grasshopper (Octopode Warper)          Turns: 2713, Time: 00:01:08

Health: -16/19     AC:  1    Str: 10    XL:     2   Next: 45%
Magic:  5/5        EV: 12    Int: 15    God:    Xom [...*..]
Gold:   48         SH:  0    Dex: 11    Spells: 1 memorised, 4 levels left

rFire  . . .     SeeInvis +       - Unarmed
rCold  . . .     Gourm    .     (no shield)
rNeg   . . .     Faith    .     (helmet restricted)
rPois  .         Spirit   .     (no amulet)
rElec  .         Dismiss  .     f - ring of resist corrosion
rCorr  +         Reflect  .     i - ring of see invisible
SustAt .         Harm     .     (no ring)
MR     .....                    (no ring)
Stlth  ++........               (no ring)
                                (no ring)
                                (no ring)
                                (no ring)

@: not resistant to hostile enchantments, unstealthy
A: almost no armour, amphibious, 8 rings, constrict 8, camouflage 1, gelatinous
body 1
a: Renounce Religion


You were on level 1 of the Dungeon.
You worshipped Xom.
You were a BORING thing.
You were not hungry.

You visited 1 branch of the dungeon, and saw 1 of its levels.

You collected 48 gold pieces.

Inventory:

Missiles
 c - 5 tomahawks of dispersal (quivered)
 g - 20 stones
Jewellery
 f - a ring of resist corrosion (left tentacle)
 i - a ring of see invisible (right tentacle)
Scrolls
 b - a scroll of blinking
 e - a scroll of recharging {unknown}
Books
 a - a book of Spatial Translocations

   Spells                             Type                      Level
   a - Apportation                    Translocation                1
   b - Blink                          Translocation                2
   c - Shroud of Golubria             Charms/Translocation         2
   d - Portal Projectile              Translocation                3
   e - Teleport Other                 Translocation                3
   f - Passage of Golubria            Translocation                4
Comestibles
 d - a bread ration
 h - a meat ration
 j - 2 chunks of flesh


   Skills:
 - Level 2.0 Fighting
 - Level 1.0 Throwing
 - Level 2.3 Dodging
 - Level 2.0 Unarmed Combat
 - Level 2.0 Spellcasting
 + Level 3.8 Translocations


You had 4 spell levels left.
You knew the following spells:

 Your Spells              Type           Power        Failure   Level  Hunger
a - Apportation           Tloc           ##........   6%          1    #......


Dungeon Overview and Level Annotations

Branches:
Dungeon (1/15)

Altars:
Xom


Innate Abilities, Weirdness & Mutations

You cannot wear most types of armour.
You are amphibious.
You can wear up to eight rings at the same time.
You can use your tentacles to constrict eight enemies at once.
Your skin changes colour to match your surroundings (Stealth).
Your rubbery body absorbs attacks (AC +1).


Message History

You butcher the hobgoblin corpse.
j - 4 chunks of flesh (gained 2)
You see here a club.
You start resting.
Eating one of 4 chunks of flesh.
This raw flesh tastes terrible.
You are feeling hungry.
You continue eating. x2
Eating one of 3 chunks of flesh.
This raw flesh tastes terrible.
You continue eating. x2
Xom is getting BORED.
You start resting.
Xom is getting BORED.
You start resting.
You are now a BORING thing.
You start resting.
Xom notices you.
You are caught in a fiery explosion!
The explosion engulfs you!
Ouch! That really hurt!
You die...
Xom bursts into laughter!

# ####.####
........#
#.##@#######
#..))......#
#.##.#####.###
.. #.##...r..#
...
..##.##.#.#
...
.#.##.##g#.#
#.
....##.##)#.#
# ..
####.##...#
##. #.####.#


There were no monsters in sight!

Vanquished Creatures
  A giant cockroach (D:1)
  2 goblins (D:1)
  3 hobgoblins (D:1)
  A quokka (D:1)
  A bat (D:1)
  3 kobolds (D:1)
  2 rats (D:1)
13 creatures vanquished.

Notes
Turn   | Place    | Note
--------------------------------------------------------------
     0 | D:1      | M4edhros the Octopode Warper began the quest for the Orb.
     0 | D:1      | Reached XP level 1. HP: 14/14 MP: 3/3
    39 | D:1      | Found a shimmering altar of Xom.
    47 | D:1      | Became a worshipper of Xom the Unpredictable
  1088 | D:1      | XOM: god gift: 34 gold pieces
  1385 | D:1      | XOM: cast spell 'Spider Form'
  2404 | D:1      | XOM: harmless Trmt miscast
  2492 | D:1      | Reached XP level 2. HP: 17/19 MP: 5/5
  2495 | D:1      | XOM: god gift: scroll labeled ZUCIVI ICEAKHA
  2713 | D:1      | XOM is BORED!
  2713 | D:1      | XOM: medium Fire miscast
  2713 | D:1      | Killed by the capriciousness of Xom

Vault maps used:
D:1:      dpeg_arrival_ratfight, xom_teletrap_fun

Action                   || total
-------------------------++-------
Melee: Unarmed           ||    32
  Use: Scroll            ||     1
  Eat: Chunk             ||     5
